 Dungeon Crawl Stone Soup version 0.28.0-53-g5a82cb258f (webtiles) character file.

Game seed: 9515694803758141688

323 firemarshallily the Conjurer (level 6, -6/55 HPs)
             Began as a Naga Conjurer on Aug 27, 2022.
             Was a Believer of Sif Muna.
             Mangled by an ogre
             ... wielding a +0 giant club
              (17 damage)
             ... on level 5 of the Dungeon on Aug 28, 2022.
             The game lasted 00:11:59 (3254 turns).

firemarshallily the Conjurer (Naga Conjurer)        Turns: 3254, Time: 00:11:59

Health: -6/55      AC:  3    Str: 10    XL:     6   Next: 47%
Magic:  5/12       EV:  9    Int: 20    God:    Sif Muna [**....]
Gold:   92         SH:  0    Dex:  9    Spells: 8/14 levels left

rFire   . . .      SeeInvis +   j - +2 hand axe (drain)
rCold   . . .      Faith    .   (no shield)
rNeg    . . .      Spirit   .   a - +0 robe
rPois   +          Reflect  .   (no helmet)
rElec   .          Harm     .   (no cloak)
rCorr   .          Rampage  .   (no gloves)
Will    +....                   (no barding)
Stlth   ++........              (no amulet)
HPRegen 0.18/turn               b - ring of willpower
MPRegen 0.13/turn               (no ring)

@: very slightly contaminated, very slow
A: AC +2, large, see invisible, deformed body, poison resistance, slowness 2,
spit poison 1, naga tail 1
a: Spit Poison, Renounce Religion, Channel Magic


You were on level 5 of the Dungeon.
You worshipped Sif Muna.
Sif Muna was pleased with you.
You visited 1 branch of the dungeon, and saw 5 of its levels.

You collected 92 gold pieces.

Inventory:

Hand Weapons
 j - a +2 hand axe of draining (weapon)
Missiles
 d - 84 stones
Armour
 a - a +0 robe (worn)
Magical Staves
 p - a staff of cold
Jewellery
 b - a ring of willpower (left hand)
 k - a ring of ice
 r - a ring of flight
Wands
 q - a wand of polymorph (5)
Scrolls
 c - a scroll of fog {unknown}
 f - 3 scrolls of teleportation
 h - 2 scrolls of vulnerability {unknown}
 i - a scroll of amnesia {unknown}
 n - a scroll of enchant weapon {unknown}
 s - a scroll of immolation {unknown}
Potions
 e - a potion of berserk rage
 g - a potion of heal wounds {unknown}
 l - 2 potions of flight
 m - a potion of might {unknown}
 o - a potion of curing {unknown}


   Skills:
 + Level 2.8 Fighting
 - Level 1.5 Dodging
 - Level 3.0 Stealth
 * Level 4.5 Spellcasting
 + Level 5.1 Conjurations


You had 8 spell levels left.
You knew the following spells:

 Your Spells              Type           Power      Damage    Failure   Level
a - Magic Dart            Conj           96%        1d7       1%          1
b - Searing Ray           Conj           48%        2d6       2%          2
c - Dazzling Flash        Conj/Hex       28%        N/A       13%         3

Your spell library contained the following spells:

 Spells                   Type           Power      Damage    Failure   Level
 Scorch                   Fire           8%         2d5       19%         2
 Flame Wave               Conj/Fire      14%        2d6       38%         4
 Fulminant Prism          Conj/Hex       7%         3d7       38%         4
 Iskenderun's Mystic Bla  Conj/Tloc      14%        2d5       38%         4
 Summon Cactus Giant      Summ           2%         N/A       100%        6


Dungeon Overview and Level Annotations

Branches:
Dungeon (5/15)
 Temple: D:4-7

Altars:
Sif Muna

Annotations:
D:4 Edmund


Innate Abilities, Weirdness & Mutations

Your serpentine skin is tough. (AC +2)
You have supernaturally acute eyesight. (SInv)
Armour fits poorly on your strangely shaped body.
Your system is resistant to poisons. (rPois)
You cover ground very slowly.
You can spit poison.
You have a snake-like lower body.


Message History

You see here a +0 whip.
As you read the scroll of identify, it crumbles to dust.
l - 2 potions of flight
r - a ring of flight
s - a scroll labelled MIKHLI RAB SILO
Found a stone staircase leading up.
An ogre comes into view. It is wielding a +0 giant club.
Aiming: Spit Poison (1% risk of failure)
Press: ? - help, Q - select action, (/) - cycle Shift-Dir - straight line, f - ogre
Aim: an ogre, wielding a +0 giant club (81% to hit)
The splash of poison misses the ogre.
Casting: Searing Ray (safe; 2% risk of failure)
Confirm with . or Enter, or press ? or * to list all spells.
Aiming: Searing Ray (safe; 2% risk of failure)
Press: ? - help, Shift-Dir - straight line, f/p - ogre
Aim: an ogre, wielding a +0 giant club (90% to hit)
You miscast Searing Ray.
You are very lightly contaminated with residual magic.
Nothing appears to happen.
Casting: Searing Ray (safe; 2% risk of failure)
Confirm with . or Enter, or press ? or * to list all spells.
Aiming: Searing Ray (safe; 2% risk of failure)
Press: ? - help, Shift-Dir - straight line, f/p - ogre
Aim: an ogre, wielding a +0 giant club (90% to hit)
The searing ray hits the ogre!
The ogre is moderately wounded. (Press . to maintain the ray.)
The ogre hits you with a +0 giant club!!
The searing ray hits the ogre.
The ogre is heavily wounded.
You have got your breath back.
The searing ray hits the ogre!
The ogre is severely wounded.
The ogre hits you with a +0 giant club!!
* * * LOW HITPOINT WARNING * * *
The searing ray hits the ogre.
The ogre is almost dead.
You finish channelling your searing ray.
The ogre hits you with a +0 giant club!
You die...

## #. ##.#####
#.### #... ..#
#.#<. ....#.# #.#.#
#.#.#.###### #.#.#
#.#......... #.#.#
#.###.######
#.#.####.###.######
#.@...............#
#.O......###.####.#
#.###.#### #.# #..
#. #.# #.####.. #.
#.# #......) #. #.#
######.. #. #.# ##.
#. #.# #. #.# #)


You could see an ogre.

Vanquished Creatures
  An ogre (D:4)
  2 scorpions
  3 adders
  4 worms (D:2)
  3 dart slugs
  5 orcs
  7 ball pythons
  7 endoplasms
  3 giant cockroaches
  5 hobgoblins
  6 kobolds
  4 quokkas
  5 bats
  6 frilled lizards
  5 goblins
  4 rats
70 creatures vanquished.

Vanquished Creatures (others)
  3 plants (D:1)
  6 withered plants (D:1)
9 creatures vanquished.

Grand Total: 79 creatures vanquished

Notes
Turn   | Place    | Note
-------+----------+-------------------------------------------
     0 | D:1      | firemarshallily the Naga Conjurer began the quest for the
                  | Orb.
     0 | D:1      | Reached XP level 1. HP: 15/15 MP: 3/3
   247 | D:1      | Reached XP level 2. HP: 17/24 MP: 1/5
   654 | D:1      | Found a faded altar of an unknown god.
   662 | D:1      | Prayed at the altar of an unknown god.
   662 | D:1      | Became a worshipper of Sif Muna the Loreminder
   662 | D:1      | Reached * piety under Sif Muna
   769 | D:1      | Reached skill level 1 in Fighting
   805 | D:1      | Reached XP level 3. HP: 31/31 MP: 4/7
  1130 | D:2      | Learned a level 2 spell: Searing Ray
  1134 | D:2      | Learned a level 3 spell: Dazzling Flash
  1343 | D:2      | Reached ** piety under Sif Muna
  1608 | D:2      | Reached XP level 4. HP: 38/38 MP: 2/8
  2189 | D:3      | Noticed a phantom
  2242 | D:4      | Noticed an ogre
  2260 | D:4      | Killed an ogre
  2261 | D:4      | Reached XP level 5. HP: 39/45 MP: 2/11
  2508 | D:4      | Reached XP level 6. HP: 55/55 MP: 0/12
  2712 | D:4      | Noticed Edmund
  3089 | D:5      | Entered Level 5 of the Dungeon
  3154 | D:5      | Reached skill level 5 in Conjurations
  3254 | D:5      | Mangled by an ogre

Illustrated notes

Levels and vault maps discovered:
D:1:      onia_arrival_mini_maze_b, layout_basic, serial_glass, glass_columns_a,
          glass_columns_c, glass_columns_a, glass_columns_b, glass_columns_a,
          glass_columns_b, glass_columns_b, glass_columns_c,
          shapermc_ecumenical_altar_flowoftime
D:2:      layout_loops_ring
D:3:      layout_loops_ring, uniq_crazy_yiuf_cottage
D:4:      layout_loops_cross, uniq_robin, uniq_edmund
D:5:      layout_loops_ring, uniq_eustachio

Skill      XL: |  1  2  3  4  5  6 |
---------------+-------------------+-----
Fighting       | 1 2 |  2.8
Spellcasting   | 3 4 |  4.5
Conjurations   | 5 |  5.1
Dodging        | |  1.5
Stealth        | |  3.0

Action                   |  1- 3 |  4- 6 || total
-------------------------+-------+-------++-------
Melee: Short sword       |    29 |       ||    29
       Hand axe          |       |     7 ||     7
 Cast: Magic Dart        |    60 |    38 ||    98
       Searing Ray       |     1 |     6 ||     7
 Abil: Spit Poison       |    20 |    18 ||    38
  Use: Scroll            |     1 |     2 ||     3
Armor: Robe              |     4 |       ||     4
Dodge: Dodged            |     3 |     4 ||     7
